[Event "Titled Tuesday Blitz April 25 Early 2023"]
[White "Arifarsky"]
[Black "Vestby-Ellingsen, Mads"]
[BlackFideId "1520857"]
[WhiteElo "2719"]
[BlackElo "2246"]
[Result "0-1"]
[Round "06"]
[TimeControl "180+2"]
[Date "2023.04.25"]
[WhiteClock "0:00:03"]
[BlackClock "0:00:13"]

1. e4 e6 2. Nf3 d5 3. Nc3 dxe4 4. Nxe4 Bd7 5. d4 Bc6 6. Bd3 Nd7 7. Qe2 Bxe4 8. Bxe4 c6 9. c3 Ngf6 10. Bc2 Be7 11. O-O O-O 12. Rd1 Qc7 13. Bg5 Bd6 14. g3 Rfe8 15. Re1 h6 16. Bxf6 Nxf6 17. Rad1 c5 18. dxc5 Bxc5 19. Ne5 Rad8 20. Ng4 Nxg4 21. Qxg4 Rxd1 22. Rxd1 Qb6 23. Qe2 g6 24. b4 Bf8 25. Qf3 Qc7 26. Ba4 Re7 27. h4 h5 28. Rd3 a6 29. Qd1 Qe5 30. Bd7 Qc7 31. Qd2 e5 32. Ba4 e4 33. Rd8 e3 34. Qd4 exf2+ 35. Kxf2 Re5 36. Bb3 Rf5+ 37. Kg2 Qe7 38. Bc4 Kh7 39. Rd7 Qe8 40. Rxb7 Bg7 41. Qb6 Qe4+ 42. Kh3 Qh1# 0-1


[Site "https://www.chess.com"]

[Event "Titled Tuesday Blitz April 25 Early 2023"]
[White "Sharapov, Evgeny"]
[Black "Wagner, Dennis"]
[WhiteFideId "14103133"]
[BlackFideId "24650684"]
[WhiteElo "2367"]
[BlackElo "2470"]
[Result "1/2-1/2"]
[Round "06"]
[TimeControl "180+2"]
[Date "2023.04.25"]
[WhiteClock "0:00:15"]
[BlackClock "0:00:06"]

1. e4 e5 2. Nf3 Nc6 3. Bb5 a6 4. Ba4 Nf6 5. d3 Bc5 6. c3 d6 7. h3 O-O 8. O-O h6 9. Nbd2 Ba7 10. Re1 Ne7 11. Nf1 Ng6 12. Ng3 d5 13. exd5 Nxd5 14. Bb3 c6 15. d4 exd4 16. Nxd4 Bd7 17. Ndf5 Qf6 18. Qg4 Rae8 19. Bd2 Ne5 20. Qh5 Nd3 21. Rf1 Nxf2 22. Rxf2 Bxf2+ 23. Kxf2 g6 24. Qg4 Bxf5 25. Nxf5 h5 26. Qg5 Qxf5+ 27. Qxf5 gxf5 28. Bxd5 cxd5 29. Bh6 Re5 30. Bxf8 Kxf8 31. Rd1 Ke7 32. Rd4 Ke6 33. Rh4 f6 34. Rxh5 d4 35. cxd4 Ra5 36. a3 Rb5 37. b4 a5 38. bxa5 Rxa5 39. Rh7 Rxa3 40. Rxb7 Rd3 41. Rb6+ Kf7 42. Rb4 Rd2+ 43. Kf3 Kg6 44. g4 fxg4+ 45. hxg4 Kg5 46. Rb5+ Kg6 47. d5 Rd4 48. Ke3 Rxg4 49. d6 Kf7 50. Rd5 Ke8 51. d7+ Kd8 52. Rd6 Rg7 53. Rxf6 Kxd7 54. Rf4 Re7+ 55. Re4 Rxe4+ 56. Kxe4 1/2-1/2


[Site "https://www.chess.com"]

[Event "Titled Tuesday Blitz April 25 Early 2023"]
[White "Arpita, Mukherjee"]
[Black "Samunenkov, Ihor"]
[WhiteFideId "5056403"]
[BlackFideId "14187086"]
[WhiteElo "2129"]
[BlackElo "2457"]
[Result "1-0"]
[Round "06"]
[TimeControl "180+2"]
[Date "2023.04.25"]
[WhiteClock "0:00:05"]
[BlackClock "0:00:02"]

1. e4 c5 2. Nf3 Nc6 3. Bb5 e6 4. O-O Nge7 5. d4 cxd4 6. Nxd4 Ng6 7. Be3 Be7 8. Bxc6 bxc6 9. c4 O-O 10. Nc3 c5 11. Nc2 Bb7 12. f3 f5 13. Qd2 fxe4 14. Nxe4 Qc7 15. Rad1 d5 16. cxd5 exd5 17. Ng3 d4 18. Bf2 Ne5 19. Rde1 Ba6 20. Rxe5 Qxe5 21. Re1 Qc7 22. b4 d3 23. Ne3 Bg5 24. Ne4 Bxe3 25. Bxe3 cxb4 26. Qxb4 Rab8 27. Qa3 Qc6 28. Rc1 Qg6 29. Kh1 Rfc8 30. Rd1 Qe6 31. Bf2 Rc2 32. Bg3 Rbc8 33. Nd6 Qe2 34. Rg1 R8c3 35. Qxa6 h6 36. Qxa7 Rc1 37. Qa8+ Rc8 38. Nxc8 Rxg1+ 39. Kxg1 Qd1+ 40. Kf2 Qe2+ 41. Kg1 d2 42. Qd5+ Kh7 43. Qf5+ Kg8 44. Ne7+ Qxe7 45. Qd5+ Kh7 46. Qxd2 1-0


[Site "https://www.chess.com"]

[Event "Titled Tuesday Blitz April 25 Early 2023"]
[White "Karthik Rajaa"]
[Black "Camacho Collados, Jose"]
[WhiteFideId "25035215"]
[BlackFideId "2265427"]
[WhiteElo "2215"]
[BlackElo "2198"]
[Result "1-0"]
[Round "06"]
[TimeControl "180+2"]
[Date "2023.04.25"]
[WhiteClock "0:00:08"]
[BlackClock "0:00:01"]

1. Nf3 b6 2. g3 Bb7 3. Bg2 e6 4. b3 Nf6 5. Bb2 Be7 6. c4 O-O 7. O-O d5 8. d3 c5 9. e3 Nc6 10. Qe2 h6 11. Nc3 a6 12. Rad1 d4 13. Nb1 e5 14. e4 Ne8 15. Ne1 Nd6 16. a3 b5 17. Nd2 Qd7 18. Nc2 Rae8 19. Rde1 Bg5 20. h4 Bd8 21. Kh2 Ba5 22. Bh3 Qd8 23. Rb1 Re7 24. b4 cxb4 25. Nb3 bxc4 26. Nxa5 cxd3 27. Qxd3 Nxa5 28. Nxb4 Bxe4 29. Qxa6 Bxb1 30. Rxb1 Ndc4 31. Bc1 d3 32. Bxh6 gxh6 33. Qxh6 Qd6 34. Qg5+ Kh8 35. Qh5+ Kg7 36. Qg5+ Qg6 37. Qxe7 d2 38. Rd1 Nb3 39. Nd5 Nb2 40. h5 Qxh5 41. Qf6+ Kh7 42. Qe7 Nxd1 43. Nf6+ Kg6 44. Nxh5 Nxf2 45. Qf6+ Kxh5 46. Qf5+ Kh6 47. Qf6+ Kh5 48. Bf5 d1=Q 49. Qh4# 1-0


[Site "https://www.chess.com"]

[Event "Titled Tuesday Blitz April 25 Early 2023"]
[White "Javakhadze, Zurab"]
[Black "Reprintsev, Alexander"]
[WhiteFideId "13603647"]
[BlackFideId "14100541"]
[WhiteElo "2381"]
[BlackElo "2211"]
[Result "1-0"]
[Round "06"]
[TimeControl "180+2"]
[Date "2023.04.25"]
[WhiteClock "0:01:24"]
[BlackClock "0:01:04"]

1. d4 d5 2. c4 e5 3. dxe5 d4 4. Nf3 Nc6 5. g3 Nge7 6. Bg2 Ng6 7. O-O Ngxe5 8. Nbd2 Nxf3+ 9. Nxf3 Be7 10. e3 dxe3 11. Bxe3 O-O 12. Bf4 Bg4 13. h3 Be6 14. b3 Bf6 15. Qxd8 Raxd8 16. Rad1 Rxd1 17. Rxd1 Rd8 18. Re1 Rd7 19. Ng5 Bxg5 20. Bxg5 a5 21. f4 h6 22. Bh4 Kf8 23. g4 f5 24. Rxe6 fxg4 25. Bxc6 1-0


[Site "https://www.chess.com"]

[Event "Titled Tuesday Blitz April 25 Early 2023"]
[White "Bronstein, Or"]
[Black "Postnikov, Daniil"]
[WhiteFideId "2815770"]
[BlackFideId "4166329"]
[WhiteElo "2356"]
[BlackElo "2261"]
[Result "1-0"]
[Round "06"]
[TimeControl "180+2"]
[Date "2023.04.25"]
[WhiteClock "0:00:13"]
[BlackClock "0:00:28"]

1. d4 f5 2. g3 Nf6 3. Bg2 g6 4. Nd2 Bg7 5. e4 fxe4 6. Nxe4 Nxe4 7. Bxe4 O-O 8. c3 Nc6 9. h4 d5 10. Qb3 Be6 11. Bg2 Qd7 12. Nf3 b6 13. Ng5 Rad8 14. h5 Bf5 15. hxg6 Bxg6 16. Be3 e5 17. dxe5 Nxe5 18. Rd1 Nd3+ 19. Kf1 c5 20. c4 Nxf2 21. Bxd5+ Kh8 22. Bxf2 Qg4 23. Nf3 Rxd5 24. Rxd5 Be4 25. Rh4 Qg6 26. Rg5 Qc6 27. Ne5 Bxe5 28. Rxe5 Bg6 29. Qe3 Rf3 30. Qg5 Kg8 31. Re7 Qd6 32. Qd5+ 1-0


[Site "https://www.chess.com"]

[Event "Titled Tuesday Blitz April 25 Early 2023"]
[White "Pauly, Carlo"]
[Black "Nevednichy, Vladislav"]
[WhiteFideId "24673269"]
[BlackFideId "1205730"]
[WhiteElo "2254"]
[BlackElo "2370"]
[Result "1/2-1/2"]
[Round "06"]
[TimeControl "180+2"]
[Date "2023.04.25"]
[WhiteClock "0:01:01"]
[BlackClock "0:01:27"]

1. d4 Nf6 2. c4 Nc6 3. Nf3 e6 4. a3 g6 5. Nc3 Bg7 6. e4 d6 7. Be2 O-O 8. O-O Re8 9. h3 e5 10. dxe5 dxe5 11. Qxd8 Nxd8 12. Nb5 Ne6 13. Ng5 Re7 14. Nxe6 Bxe6 15. f3 a6 16. Nc3 c6 17. Be3 Rd7 18. Na4 Rad8 19. Nc5 Re7 20. Rfd1 Rde8 21. Rd2 Nh5 22. Rad1 Bc8 23. b4 Nf4 24. Bf1 Ne6 25. Nxe6 Bxe6 26. Bb6 Rc8 27. Rd8+ Re8 28. Rxe8+ Rxe8 29. b5 axb5 30. cxb5 h5 31. a4 Bb3 32. Ra1 cxb5 33. Bxb5 Rc8 34. Rb1 Be6 35. Rd1 Bf8 36. Rd8 Rxd8 37. Bxd8 Bc5+ 38. Kf1 f5 39. Ke2 Kf7 40. Bc7 Kf6 41. Bd8+ Kf7 42. Bc7 Bd4 43. Kd3 fxe4+ 44. fxe4 g5 45. Bd8 g4 46. hxg4 hxg4 47. Bh4 Bb3 48. Bc4+ Bxc4+ 49. Kxc4 Ke6 50. Kb5 Kd7 51. Bf6 Ke6 52. Bd8 Kd7 53. Bb6 Bc3 54. Bc5 Kc7 55. Bb6+ Kd6 56. Bc5+ Kc7 57. Bb6+ Kd6 58. Bc5+ Kc7 1/2-1/2


[Site "https://www.chess.com"]

[Event "Titled Tuesday Blitz April 25 Early 2023"]
[White "Rodchenkov, Sergey D."]
[Black "Girya, Olga"]
[WhiteFideId "4168712"]
[BlackFideId "4195752"]
[WhiteElo "2277"]
[BlackElo "2263"]
[Result "1-0"]
[Round "06"]
[TimeControl "180+2"]
[Date "2023.04.25"]
[WhiteClock "0:00:13"]
[BlackClock "0:00:06"]

1. e4 e5 2. Nf3 Nc6 3. Bc4 Bc5 4. d3 Nf6 5. O-O d6 6. c3 h6 7. Nbd2 O-O 8. Bb3 a5 9. h3 Be6 10. Ba4 Ba7 11. Re1 Rb8 12. Nf1 b5 13. Bc2 Ne7 14. d4 exd4 15. cxd4 d5 16. e5 Ne4 17. N1d2 Nxd2 18. Bxd2 c5 19. Qc1 cxd4 20. Bxh6 Nf5 21. Bg5 Qd7 22. Bxf5 Bxf5 23. Bf6 Bg6 24. Qg5 Rfe8 25. Nh4 Rbc8 26. Nxg6 fxg6 27. Qxg6 Qf7 28. Qg4 d3 29. Kh1 Rc2 30. Rad1 d2 31. Re2 Kf8 32. Bg5 Qe6 33. Rexd2 Qxg4 34. hxg4 Rxd2 35. Rxd2 Rxe5 36. Bf4 Re1+ 37. Kh2 d4 38. Kg3 Rb1 39. Kf3 b4 40. g3 a4 41. Bd6+ Kf7 42. Bxb4 Ke6 43. a3 Kd5 44. Rc2 d3 45. Rd2 Kc4 46. Kf4 Rf1 47. f3 Re1 48. Kf5 Re2 49. Rd1 Be3 50. f4 Rf2 51. g5 Rg2 52. Ke4 d2 53. Kxe3 Rxg3+ 54. Kxd2 Rd3+ 55. Kc1 Rf3 56. Rd2 Rxf4 57. Kc2 Kb5 58. Bc3 Kc4 59. Rg2 g6 60. Be5 Re4 61. Bc3 Rf4 62. Rd2 Rf5 63. Rd4+ Kb5 64. Rb4+ Kc6 65. Kd3 Rxg5 66. Rxa4 Rg3+ 67. Kc4 g5 68. Ra6+ Kb7 69. Rg6 Rg2 70. Kb3 g4 71. a4 g3 72. Be5 Re2 73. Bxg3 Re3+ 74. Ka2 Re4 75. b3 1-0


[Site "https://www.chess.com"]

[Event "Titled Tuesday Blitz April 25 Early 2023"]
[White "Sviridov, Valery"]
[Black "Shvedova, Alexandra"]
[WhiteFideId "4120680"]
[BlackFideId "54154782"]
[WhiteElo "2457"]
[BlackElo "2057"]
[Result "1-0"]
[Round "06"]
[TimeControl "180+2"]
[Date "2023.04.25"]
[WhiteClock "0:01:24"]
[BlackClock "0:00:34"]

1. d4 e6 2. Nf3 Nf6 3. e3 b6 4. Nbd2 Bb7 5. Bd3 c5 6. O-O Be7 7. c3 O-O 8. Qe2 d5 9. Ne5 Nbd7 10. f4 Qc7 11. Qf3 a5 12. g4 Ba6 13. Bxa6 Rxa6 14. g5 Ne8 15. a4 f6 16. gxf6 Nexf6 17. Qh3 Qd6 18. Kh1 Ne4 19. Nxe4 dxe4 20. Rg1 Nxe5 21. fxe5 Qd7 22. Qg2 Bd8 23. Qxe4 Qf7 24. Bd2 Ra7 25. Qg2 Qf5 26. Raf1 Qd3 27. Rxf8+ Kxf8 28. Qf1+ Qxf1 29. Rxf1+ Ke8 30. Kg2 Bg5 31. Bc1 Rd7 32. Kf3 Ke7 33. Ke4 Ke8 34. c4 cxd4 35. exd4 Bxc1 36. Rxc1 Rf7 37. Ke3 Rf5 38. c5 bxc5 39. Rxc5 Rh5 40. Rxa5 Rxh2 41. Rb5 Rh3+ 42. Ke4 g5 43. a5 g4 44. a6 g3 45. a7 Rh4+ 46. Kf3 1-0


[Site "https://www.chess.com"]

[Event "Titled Tuesday Blitz April 25 Early 2023"]
[White "The_Sherman_Variation"]
[Black "Skvortsov, Andrei"]
[BlackFideId "24108600"]
[WhiteElo "2521"]
[BlackElo "2259"]
[Result "0-1"]
[Round "06"]
[TimeControl "180+2"]
[Date "2023.04.25"]
[WhiteClock "0:00:24"]
[BlackClock "0:01:11"]

1. Nf3 c5 2. g3 d6 3. Bg2 e5 4. d3 Be7 5. O-O Nc6 6. c4 f5 7. a3 Nf6 8. Nc3 O-O 9. Rb1 a5 10. Nd5 Nxd5 11. cxd5 Nd4 12. b4 Nxf3+ 13. Bxf3 axb4 14. axb4 b6 15. Bd2 Bd7 16. Bg2 g5 17. f4 exf4 18. gxf4 g4 19. e4 Bf6 20. Kh1 Ra2 21. Qe1 Bh4 22. Qe3 Bf6 23. Rbd1 Re8 24. h3 h5 25. bxc5 bxc5 26. e5 dxe5 27. Qxc5 exf4 28. Qc4 Ra4 29. Qb3 f3 30. Bxf3 gxf3 31. Rg1+ Kh7 32. d4 Qe7 33. Rde1 Qf7 34. Qxf3 Rxd4 35. Rxe8 Qxe8 36. Re1 Qf7 37. Bc3 Rxd5 38. Bxf6 Bc6 39. Re7 Qxe7 40. Bxe7 Rd1+ 41. Kg2 Rd2+ 42. Kg3 Bxf3 43. Kxf3 Rd3+ 44. Kg2 Kg6 45. h4 Kf7 46. Bg5 Ke6 47. Kf2 Kd5 48. Ke2 Ke4 49. Kf2 f4 50. Ke2 Ra3 51. Kf2 Ra2+ 0-1


[Site "https://www.chess.com"]

[Event "Titled Tuesday Blitz April 25 Early 2023"]
[White "Goldin, Alexander"]
[Black "Bilan, Danila"]
[WhiteFideId "2019540"]
[BlackFideId "24161918"]
[WhiteElo "2662"]
[BlackElo "2182"]
[Result "1-0"]
[Round "06"]
[TimeControl "180+2"]
[Date "2023.04.25"]
[WhiteClock "0:00:25"]
[BlackClock "0:00:02"]

1. Nf3 d5 2. g3 Nf6 3. Bg2 Bf5 4. c4 c6 5. Qb3 Qb6 6. d3 Nbd7 7. Be3 Qxb3 8. axb3 a6 9. Nc3 e6 10. Nh4 Bg6 11. Nxg6 hxg6 12. h3 Bb4 13. O-O Nc5 14. Na2 d4 15. Bxd4 Nxb3 16. Bxf6 gxf6 17. Nxb4 Nxa1 18. Rxa1 e5 19. Na2 Kd7 20. Nc3 b6 21. Kf1 Kc7 22. Ke1 a5 23. Kd2 f5 24. h4 f6 25. e3 g5 26. Rh1 Rag8 27. Bf3 Rg7 28. hxg5 Rxh1 29. gxf6 Rf7 30. Bxh1 Rxf6 31. Bf3 Rh6 32. Ke2 Kd6 33. d4 Rh8 34. dxe5+ Kxe5 35. Bxc6 Rc8 36. Bd5 Rh8 37. Nb5 Rh7 38. Nd4 Ra7 39. f4+ Kd6 40. Nxf5+ Kc5 41. Nd4 Kb4 42. Nc6+ 1-0


[Site "https://www.chess.com"]

[Event "Titled Tuesday Blitz April 25 Early 2023"]
[White "Seo, Jung Min"]
[Black "Begunov, Konstantin"]
[WhiteFideId "1734687"]
[BlackFideId "4118510"]
[WhiteElo "2468"]
[BlackElo "2087"]
[Result "1-0"]
[Round "06"]
[TimeControl "180+2"]
[Date "2023.04.25"]
[WhiteClock "0:00:51"]
[BlackClock "0:00:04"]

1. e4 c5 2. Nf3 d6 3. Bb5+ Bd7 4. c4 Bxb5 5. cxb5 Nf6 6. Nc3 a6 7. bxa6 Nxa6 8. O-O e5 9. d3 Be7 10. a4 Nb4 11. b3 O-O 12. Bg5 Ne8 13. Be3 Nc7 14. Qe2 f5 15. Rfd1 Qd7 16. Ne1 Qe6 17. Rab1 f4 18. Bc1 g5 19. Qh5 g4 20. f3 gxf3 21. Nxf3 Kh8 22. Ba3 Nc2 23. Bc1 Rg8 24. Rb2 Nd4 25. Nxd4 cxd4 26. Ne2 Rg5 27. Qf3 Rag8 28. g3 Qh3 29. Nxf4 exf4 30. Bxf4 R5g6 31. e5 Ne6 32. exd6 Nxf4 33. Qxf4 Rxg3+ 34. Kh1 Rf3 35. Qe5+ Bf6 36. Qe2 Qf5 37. Rc2 Be5 38. Rc5 Rf2 39. Qxe5+ Qxe5 40. Rxe5 Rgg2 41. Rh5 Rg6 42. Re1 Rxd6 43. Kg1 Rd2 44. Re8+ Kg7 45. Re7+ Kg6 46. Rhxh7 Rf6 47. Reg7+ Kf5 48. Rf7 Rxd3 49. Rxf6+ Kxf6 50. Rxb7 Ke5 51. Kf2 Rd2+ 52. Ke1 Rxh2 53. b4 Ke4 54. b5 d3 55. a5 Ke3 56. Re7+ Kd4 57. b6 Rh1+ 58. Kf2 Rh2+ 59. Kg3 Rb2 60. Rd7+ Ke3 61. b7 d2 62. a6 Ke2 63. a7 Rxb7 64. Rxd2+ Kxd2 65. a8=Q Rb3+ 66. Kf2 Rc3 67. Qd5+ Kc2 68. Ke2 Kb2 69. Qd4 Kb3 70. Kd2 Rc2+ 71. Kd3 Rc6 72. Qd5+ 1-0


[Site "https://www.chess.com"]

[Event "Titled Tuesday Blitz April 25 Early 2023"]
[White "Bryant, John Daniel"]
[Black "Garv Gaur"]
[WhiteFideId "2031280"]
[BlackFideId "45030839"]
[WhiteElo "2455"]
[BlackElo "2068"]
[Result "0-1"]
[Round "06"]
[TimeControl "180+2"]
[Date "2023.04.25"]
[WhiteClock "0:00:01"]
[BlackClock "0:00:15"]

1. e4 g6 2. d4 Bg7 3. Nf3 c6 4. Nc3 d5 5. Bf4 Bg4 6. Be2 Nf6 7. e5 Nfd7 8. Qd2 e6 9. O-O a6 10. Ne1 Bxe2 11. Nxe2 c5 12. c3 Nc6 13. Nd3 Qb6 14. Be3 cxd4 15. cxd4 O-O 16. Rfc1 Rfc8 17. Rc2 Na5 18. b3 Bf8 19. Rac1 Rxc2 20. Rxc2 Nc6 21. Nc3 Qa5 22. Na4 Qxd2 23. Rxd2 Rc8 24. Rc2 Ba3 25. h4 h5 26. g3 Kf8 27. Kg2 Ke8 28. Nab2 Kd8 29. Nd1 Be7 30. Kf1 b5 31. Rc1 Nb4 32. Rxc8+ Kxc8 33. Nxb4 Bxb4 34. Ke2 Nb6 35. f3 Kd7 36. Nf2 Be7 37. Nh3 Nc8 38. Bg5 Ba3 39. g4 hxg4 40. fxg4 Ke8 41. Kd3 Na7 42. Nf4 Nc6 43. Ne2 Nb4+ 44. Ke3 Nxa2 45. Kf3 Nb4 0-1


[Site "https://www.chess.com"]

[Event "Titled Tuesday Blitz April 25 Early 2023"]
[White "Manukyan, Sargis A."]
[Black "Santos Flores, Alberto"]
[WhiteFideId "13303970"]
[BlackFideId "3601234"]
[WhiteElo "2187"]
[BlackElo "2235"]
[Result "1-0"]
[Round "06"]
[TimeControl "180+2"]
[Date "2023.04.25"]
[WhiteClock "0:01:28"]
[BlackClock "0:01:38"]

1. d4 d5 2. c4 c6 3. Nc3 Nf6 4. e3 a6 5. Nf3 Bf5 6. Bd3 Bxd3 7. Qxd3 e6 8. O-O Nbd7 9. e4 dxe4 10. Nxe4 Be7 11. Nxf6+ Bxf6 12. Rd1 O-O 13. b3 c5 14. Bb2 cxd4 15. Bxd4 Bxd4 16. Qxd4 Nf6 17. Qxd8 Rfxd8 18. Kf1 Kf8 19. Ke2 Ne4 20. Ke3 f5 21. Nd4 Ke7 22. f3 Nf6 23. Ne2 e5 24. Nc3 Rxd1 25. Rxd1 Rd8 26. Rxd8 Kxd8 27. h3 Ke7 28. f4 Kd6 29. b4 Nh5 30. Ne2 g6 31. g3 Ke6 32. a4 a5 33. bxa5 exf4+ 34. Nxf4+ Nxf4 35. gxf4 h6 36. h4 Kf6 37. c5 Ke6 38. c6 1-0


[Site "https://www.chess.com"]

[Event "Titled Tuesday Blitz April 25 Early 2023"]
[White "Kucuksari, Kaan"]
[Black "Yeritsyan, Hayk"]
[WhiteFideId "6380166"]
[BlackFideId "13307320"]
[WhiteElo "2364"]
[BlackElo "2475"]
[Result "1-0"]
[Round "06"]
[TimeControl "180+2"]
[Date "2023.04.25"]
[WhiteClock "0:01:20"]
[BlackClock "0:00:55"]

1. e4 c6 2. d4 d5 3. Nc3 dxe4 4. Nxe4 Nd7 5. Bc4 Ngf6 6. Ng5 e6 7. N1f3 h6 8. Nh3 Bd6 9. O-O Qc7 10. Ne5 Nxe5 11. dxe5 Bxe5 12. f4 Bd6 13. Kh1 O-O 14. b3 e5 15. Bb2 Ng4 16. Qf3 exf4 17. Rae1 Ne3 18. Rxe3 fxe3 19. Bxg7 Kxg7 20. Qf6+ Kg8 21. Qg6+ Kh8 22. Qxh6+ Kg8 23. Ng5 1-0


[Site "https://www.chess.com"]

[Event "Titled Tuesday Blitz April 25 Early 2023"]
[White "Hua, Lefong"]
[Black "Namitbir Singh Walia"]
[WhiteFideId "2602253"]
[BlackFideId "35071068"]
[WhiteElo "2645"]
[BlackElo "2239"]
[Result "1-0"]
[Round "06"]
[TimeControl "180+2"]
[Date "2023.04.25"]
[WhiteClock "0:00:24"]
[BlackClock "0:00:01"]

1. d4 Nf6 2. c4 c5 3. d5 e6 4. Nc3 exd5 5. cxd5 d6 6. e4 g6 7. f4 Bg7 8. Nf3 O-O 9. Be2 Re8 10. Nd2 Na6 11. O-O Nc7 12. a4 b6 13. Bf3 Bb7 14. Re1 a6 15. Nc4 b5 16. axb5 axb5 17. Rxa8 Bxa8 18. Nb6 Bb7 19. e5 dxe5 20. fxe5 Nd7 21. Nxd7 Qxd7 22. d6 Ne6 23. Bxb7 Qxb7 24. Nd5 Nd4 25. Ne7+ Rxe7 26. dxe7 Qxe7 27. Bf4 Qe6 28. b4 Bf8 29. bxc5 Bxc5 30. Kh1 b4 31. Qa1 Qd5 32. Rd1 Qe4 33. Bg3 b3 34. Qc1 Nc2 35. Qh6 Nd4 36. Qd2 Qc2 37. Bf2 Qxd2 38. Rxd2 1-0


[Site "https://www.chess.com"]

[Event "Titled Tuesday Blitz April 25 Early 2023"]
[White "Domingo Nunez, Ruben"]
[Black "Mrudul Dehankar"]
[WhiteFideId "22245570"]
[BlackFideId "25096990"]
[WhiteElo "2404"]
[BlackElo "2139"]
[Result "0-1"]
[Round "06"]
[TimeControl "180+2"]
[Date "2023.04.25"]
[WhiteClock "0:00:05"]
[BlackClock "0:00:04"]

1. b3 Nf6 2. Bb2 g6 3. Nf3 Bg7 4. e3 d6 5. d4 b6 6. c4 Bb7 7. Nc3 Nbd7 8. Be2 O-O 9. O-O Qe8 10. Qc2 e5 11. Nb5 e4 12. Nd2 Qd8 13. d5 Re8 14. Rae1 a6 15. Nd4 Ne5 16. f3 exf3 17. N2xf3 Neg4 18. Bc1 Nxe3 19. Bxe3 Rxe3 20. Bd3 Ng4 21. h3 Rxe1 22. Rxe1 Ne5 23. Nxe5 dxe5 24. Nf3 Qd6 25. Ng5 h6 26. Ne4 Qd7 27. Qf2 f5 28. Ng3 Rf8 29. Kh1 e4 30. Bc2 Qd6 31. Ne2 Be5 32. Rd1 Qf6 33. c5 Rd8 34. d6 bxc5 35. dxc7 Rxd1+ 36. Bxd1 Qc6 37. Qh4 Qxc7 38. Qxh6 Qd6 39. Bc2 Bg7 40. Qg5 Qf6 41. Qg3 Qa1+ 42. Ng1 Bd4 43. Qb8+ Kh7 44. Qc7+ Kh6 45. Qf4+ Kg7 46. Qc7+ Kh6 47. Qf4+ g5 48. Qd6+ Kh7 49. Qe7+ Kh6 50. Qf8+ Kg6 51. Qg8+ Kf6 52. Qd8+ Ke5 53. Qc7+ Kf6 54. Qd8+ Kg6 55. Qe8+ Kh7 56. Qh5+ Kg7 57. Qxg5+ Kh8 58. Qd8+ Kh7 59. Qe7+ Kh8 60. Qf8+ Kh7 61. Qxf5+ Kg7 62. Qg5+ Kf7 63. Qh5+ Ke6 64. Bd1 Bd5 65. Bg4+ Kd6 66. Qh6+ Ke5 67. Qg5+ Kd6 68. Qd8+ Ke5 69. Qe7+ Kf4 70. Qf8+ Ke3 71. Qh6+ Kd3 72. Be2+ Kc3 73. Kh2 Qxg1+ 74. Kg3 Qf2+ 75. Kg4 Qxg2+ 76. Kf5 Qxe2 77. Qxa6 Qxa6 0-1


[Site "https://www.chess.com"]

[Event "Titled Tuesday Blitz April 25 Early 2023"]
[White "Estrada Nieto, Julian"]
[Black "hakanazeri2"]
[WhiteFideId "5101018"]
[WhiteElo "2161"]
[BlackElo "2636"]
[Result "1-0"]
[Round "06"]
[TimeControl "180+2"]
[Date "2023.04.25"]
[WhiteClock "0:00:06"]
[BlackClock "0:00:06"]

1. e4 c5 2. Nf3 d6 3. Bb5+ Bd7 4. Bxd7+ Qxd7 5. O-O e6 6. Re1 Nc6 7. c3 Nf6 8. d4 cxd4 9. cxd4 d5 10. e5 Ne4 11. Nbd2 Nxd2 12. Bxd2 Be7 13. Rc1 Rc8 14. Rc3 O-O 15. a3 b5 16. Rd3 b4 17. h4 Na5 18. axb4 Qb5 19. Bc3 Bxb4 20. Ng5 Bxc3 21. bxc3 h6 22. Nh3 Nc4 23. Rg3 f5 24. Nf4 Qe8 25. Rg6 Rc6 26. h5 Rf7 27. Qa4 Rfc7 28. Rb1 Kh7 29. Rb5 Rb6 30. Ra5 Qe7 31. g3 Nxa5 32. Qxa5 Rb3 33. Nxe6 Rbxc3 34. Rxg7+ Qxg7 35. Nxg7 Kxg7 36. Qxd5 R3c6 37. e6 Kf6 38. Qe5+ Ke7 39. Qxf5 Rxe6 40. d5 Rd6 41. Qh7+ Kd8 42. Qg8+ Kd7 43. Qg7+ Kc8 44. Qf8+ Rd8 45. Qb4 Rxd5 46. Qg4+ Rcd7 47. Kg2 a5 48. Qg8+ Kb7 49. Qe6 a4 50. Qe3 Rd3 51. Qc5 a3 52. Qb4+ Kc8 53. Qc5+ Rc7 54. Qf8+ Kb7 55. Qb4+ Ka8 56. Qa5+ Kb8 57. Qb5+ Rb7 58. Qxd3 a2 59. Qd8+ Ka7 60. Qa5+ Kb8 61. Qxa2 1-0


[Site "https://www.chess.com"]

[Event "Titled Tuesday Blitz April 25 Early 2023"]
[White "Bruedigam, Martin"]
[Black "Balla, Tamas-Kristof"]
[WhiteFideId "24608033"]
[BlackFideId "1208497"]
[WhiteElo "2331"]
[BlackElo "2334"]
[Result "1-0"]
[Round "06"]
[TimeControl "180+2"]
[Date "2023.04.25"]
[WhiteClock "0:00:11"]
[BlackClock "0:00:05"]

1. d4 d5 2. c4 e6 3. Nc3 c5 4. Nf3 Nf6 5. e3 Nc6 6. a3 a6 7. dxc5 Bxc5 8. b4 Ba7 9. Bb2 O-O 10. cxd5 exd5 11. Bd3 Bg4 12. Ne2 Re8 13. O-O Ne4 14. Ned4 Nxd4 15. exd4 Qf6 16. Be2 Qe7 17. Re1 Rac8 18. h3 Bh5 19. Rc1 Rxc1 20. Qxc1 Bb8 21. Ne5 Bxe2 22. Rxe2 h6 23. Qe3 f6 24. Nd3 Qd6 25. g3 Rc8 26. Nc5 Ng5 27. h4 Ne4 28. Nxb7 Qe6 29. Nc5 Qh3 30. Nxe4 dxe4 31. Qxe4 Kh8 32. Qe6 Qxe6 33. Rxe6 Rc2 34. Re8+ Kh7 35. Rxb8 Rxb2 36. Rb6 a5 37. bxa5 Ra2 38. Ra6 Rd2 39. Rd6 Rd3 40. a6 Rxa3 41. h5 Kg8 42. Kg2 Kf7 43. Rd7+ Ke6 44. Rxg7 Rxa6 45. Rg6 Ra4 46. Rxh6 Rxd4 47. Rh7 Kf5 48. Rg7 Rd8 49. f3 Rh8 50. g4+ Kf4 51. Rg6 f5 52. Rf6 Kg5 53. Rxf5+ Kh4 54. Re5 Rc8 55. Re2 Rc6 56. Rd2 Ra6 57. Kf2 Rb6 58. Rd1 Rb2+ 59. Ke3 Rb3+ 60. Kf4 Rb4+ 61. Ke5 Kg3 62. h6 Rb5+ 63. Kf6 Rb6+ 64. Kg7 Rb7+ 65. Kg6 Rb6+ 66. Kh5 Rb5+ 67. g5 Kxf3 68. h7 Rb2 69. g6 Rh2+ 70. Kg5 Rg2+ 71. Kf6 Rf2 72. Rd8 Kg4+ 73. Kg7 Kg5 74. h8=Q Ra2 75. Qh6+ Kg4 76. Rd4+ Kf3 77. Qh3+ Kf2 78. Qh2+ Ke3 79. Qxa2 Kxd4 80. Kf6 Ke4 1-0


[Site "https://www.chess.com"]

[Event "Titled Tuesday Blitz April 25 Early 2023"]
[White "KRUMMEL2008"]
[Black "Avazkhonov, Alikhon"]
[BlackFideId "14208504"]
[WhiteElo "2635"]
[BlackElo "1739"]
[Result "1-0"]
[Round "06"]
[TimeControl "180+2"]
[Date "2023.04.25"]
[WhiteClock "0:00:03"]
[BlackClock "0:00:01"]

1. e4 c5 2. Nf3 d6 3. d4 cxd4 4. Nxd4 Nf6 5. Nc3 a6 6. Bg5 e6 7. f4 h6 8. Bh4 Be7 9. Qf3 Nbd7 10. O-O-O Qc7 11. Be2 b5 12. Bxf6 Nxf6 13. e5 Bb7 14. Qg3 dxe5 15. fxe5 Ne4 16. Nxe6 Qxc3 17. Nxg7+ Kf8 18. Ne6+ Ke8 19. Qxc3 Nxc3 20. Nc7+ Kf8 21. bxc3 Rc8 22. Nd5 Ba3+ 23. Kb1 Bxd5 24. Rxd5 Rg8 25. g3 Rxc3 26. Rf1 Re3 27. Bh5 Rg7 28. Rd7 Be7 29. Ra7 Rxe5 30. Ra8+ Bd8 31. Rxd8+ Ke7 32. Ra8 Rxh5 33. Rxa6 Rxh2 34. Rf3 Rg2 35. Rb6 R2xg3 36. Rb7+ Ke6 37. Rbxf7 Rxf7 38. Rxg3 h5 39. Kb2 h4 40. Rh3 Rh7 41. Kb3 Kf5 42. Kb4 Kg4 43. Rh1 Rh5 44. a4 bxa4 45. Kxa4 Kg3 46. c4 h3 47. Rc1 h2 48. c5 Rxc5 49. Rxc5 h1=Q 50. Kb5 Qb1+ 51. Kc4 Kf4 52. Kd5 Qe4+ 53. Kd6 Qd4+ 54. Kc6 Ke4 55. Kb5 Qb2+ 56. Kc6 Kd4 57. Rd5+ Ke4 58. Rc5 Qf6+ 59. Kb5 Kd4 60. Rc4+ Kd3 61. Rc5 Qd8 62. Kc6 Kd4 63. Rb5 Qc8+ 64. Kb6 Kc4 65. Ka7 Qc7+ 66. Rb7 Qa5+ 67. Kb8 Kc5 68. Rc7+ Kd6 69. Rb7 1-0


[Site "https://www.chess.com"]

[Event "Titled Tuesday Blitz April 25 Early 2023"]
[White "Koridze, Lile"]
[Black "Akash G"]
[WhiteFideId "13612514"]
[BlackFideId "5040299"]
[WhiteElo "2047"]
[BlackElo "2395"]
[Result "1-0"]
[Round "06"]
[TimeControl "180+2"]
[Date "2023.04.25"]
[WhiteClock "0:01:11"]
[BlackClock "0:00:14"]

1. d4 Nf6 2. c4 g6 3. Nc3 Bg7 4. e4 O-O 5. Nf3 d6 6. Be2 e5 7. d5 Na6 8. Bg5 h6 9. Bh4 Nc5 10. Nd2 a5 11. O-O Qe8 12. Bg3 Bd7 13. Qc2 Nh7 14. Bd3 f5 15. f4 exf4 16. Bxf4 g5 17. Bg3 f4 18. Bf2 Nf6 19. e5 Ng4 20. Bxc5 dxc5 21. e6 Bc8 22. Nd1 Qe7 23. Bf5 Ne3 24. Nxe3 fxe3 25. Ne4 Bd4 26. Kh1 Kg7 27. Qe2 b5 28. Qh5 Qe8 29. Qe2 bxc4 30. Qxc4 Ba6 31. Qc2 Bxf1 32. Rxf1 Rb8 33. b3 a4 34. Nxc5 axb3 35. Nxb3 Qb5 36. Qxc7+ Kf6 37. Bd3# 1-0


[Site "https://www.chess.com"]